 Dungeon Sprint DCSS version 0.30-a0-1112-gfb780f5df6 (webtiles) character file.

Game seed: 6035570096483376155

38854 123456 the Slayer (level 13, -12/138 HPs)
             Began as a Minotaur Fighter on Apr 18, 2023.
             Was an Initiate of Gozag.
             Mangled by Jory
             ... wielding a +2 great sword
              (20 damage)
             ... in the Dungeon (Sprint IX: "|||||||||||||||||||||||||||||") on Apr 19, 2023.
             The game lasted 00:13:53 (3535 turns).

123456 the Slayer (Minotaur Fighter)                Turns: 3535, Time: 00:13:56

Health: -12/138    AC: 31    Str: 21    XL:     13   Next: 66%
Magic:  12/12      EV: 26    Int:  3    God:    Gozag
Gold:   1513       SH:  0    Dex: 34    Spells: 12/12 levels left

rFire   + . .      SeeInvis .    a - +1 great mace "Zaud" {drain, Contam Str+2 Dex+2}
rCold   . . .      Faith    .    (shield currently unavailable)
rNeg    . . .      Spirit   .    w - +5 plate armour {rF+}
rPois   .          Reflect  .    (helmet restricted)
rElec   .          Rampage  .    u - +0 cloak
rCorr   .          NoTele   +    B - +1 pair of gloves of Idealism {Dex+6}
Will    .....                    v - +1 pair of boots Stlth
                                 D - amulet of regeneration
HPRegen 1.23/turn                o - +2 ring of evasion
MPRegen 0.13/turn                p - +3 ring of dexterity

@: confused, glowing, unable to read, unable to drink
A: horns 2, retaliatory headbutt, talons 1, agile 2, frail 1, subdued magic 1,
inability to drink after injury 1, inability to read after injury 1, sturdy
frame 1
a: Renounce Religion, Potion Petition, Call Merchant, Bribe Branch


You were in the Dungeon.
You worshipped Gozag.
Gozag was most pleased with you.
You visited 1 branch You collected 16807 gold pieces.
You spent 5559 gold pieces at shops.
You paid 9735 gold pieces to Gozag.

Inventory:

Hand Weapons
 a - the +1 great mace "Zaud" (weapon) {drain, Contam Str+2 Dex+2}
   (You found it in the Dungeon)

   Str:       It affects your strength (+2).
   Dex:       It affects your dexterity (+2).
   Contam:    It causes magical contamination when unequipped.
 b - the +27 heavy crossbow "Sniper" {heavy, Acc+∞ SInv}
   (You bought it in a shop in the Dungeon)

   Acc+∞: It never misses its target.
   SInv:      It lets you see invisible.
Missiles
 C - a throwing net (quivered)
Armour
 u - a +0 cloak (worn)
 v - a +1 pair of boots (worn)
 w - a +5 plate armour of fire resistance (worn)
 B - the +1 pair of gloves of Idealism (worn) {Dex+6}
   (You found it in the Dungeon)

   Dex:       It affects your dexterity (+6).
Jewellery
 n - a ring of poison resistance
 o - a +2 ring of evasion (left hand)
 p - a +3 ring of dexterity (right hand)
 y - a ring of protection from cold
 z - a ring of protection from cold
 A - a ring of protection from cold
 D - an amulet of regeneration (around neck)
 E - a +4 ring of evasion
 H - a +6 ring of dexterity
 I - a ring of wizardry
 J - a +2 ring of slaying
 K - a +6 ring of intelligence
Wands
 m - a wand of acid (10)
 F - a wand of charming (14)
Scrolls
 j - 4 scrolls of blinking
 l - 2 scrolls of amnesia
 r - a scroll of magic mapping
 t - 3 scrolls of fog
 x - 5 scrolls of fear
 O - a scroll of identify
Potions
 d - 2 potions of might
 e - 5 potions of curing
 f - 14 potions of heal wounds
 g - 3 potions of haste
 h - 4 potions of magic
 i - 3 potions of berserk rage
 k - a potion of invisibility
 q - a potion of brilliance
 N - a potion of mutation
Miscellaneous
 s - a condenser vane (inert)


   Skills:
 * Level 25.3 Fighting
 * Level 25.3 Maces & Flails
 + Level 18.7 Armour
 + Level 16.9 Dodging
 - Level 3.6 Shields


You had 12 spell levels left.
You didn't know any spells.
Your spell library was empty.

Dungeon Overview and Level Annotations

Branches:
Dungeon (1/1)

Altars:
Cheibriados
Dithmenos
Elyvilon
Fedhas
Gozag
Hepliaklqana
Kikubaaqudgha
Makhleb
Nemelex Xobeh
Okawaru
Qazlal
Ru
Sif Muna
Trog
Uskayaw
Vehumet
Wu Jian
Xom
Yredelemnul
Zin
The Shining One
Jiyva
Lugonu

Shops:
D (*(*?[((((=

Annotations:
D Erolcha, Grum, Jory, Mennas


Innate Abilities, Weirdness & Mutations

You have a pair of horns on your head.
You reflexively headbutt those who attack you in melee.
You have sharp toenails.
You are very agile. (Dex +8, Str/Int -2)
You are frail. (-10% HP)
Your spells are a little easier to cast, but a little less powerful.
You occasionally lose the ability to drink potions when taking damage.
You occasionally lose the ability to read scrolls when taking damage.
Your movements are slightly less encumbered by armour. (ER -2)


Message History

Jory points at you and mumbles some strange words.
The crystal spear hits you!!!!
Ouch! That really hurt!
You are too injured to fight recklessly!
You are too injured to fight recklessly!
You are too injured to fight recklessly!
You are too injured to fight recklessly!
You are too injured to fight recklessly!
Unknown command.
You hit Jory but do no damage. You headbutt Jory!
Jory is lightly damaged.
You barely miss Jory. You headbutt Jory, but do no damage.
Jory is lightly damaged.
Jory hits you but does no damage. Jory bites you but does no damage.
You bludgeon Jory!!
Jory is lightly damaged.
Jory hits you with a +2 great sword! Jory barely misses you.
You closely miss Jory. You headbutt Jory, but do no damage.
Jory is lightly damaged.
You hit Jory but do no damage. You headbutt Jory.
Jory is lightly damaged.
Jory closely misses you. You furiously retaliate!
You headbutt Jory! Jory completely misses you.
You hit Jory. You headbutt Jory, but do no damage.
Jory is moderately damaged.
Jory casts a spell at you. The crystal spear hits you!!!
You feel threatened and lose the ability to read scrolls!
You feel threatened and lose the ability to drink potions!
* * * LOW HITPOINT WARNING * * *
You cannot drink potions in your current state!
You cannot drink potions in your current state!
You cannot read scrolls in your current state!
Clouds of noxious fumes condense around you!
The condenser dries out!
Mennas gestures frantically.
You are confused.
Jory hits you with a +2 great sword!!
You die...
Your body crumbles into a pile of gold.

SS,,S,,,,,,@,,,,,,,,,,CCQS@@,,,,,
▓▓▓▓▓▓▓▓▓▓▓▓▓▓▓▓▓▓▓▓*************
[.['.([.)..∩∩...([[.[(),,,),,,,,,
▓▓▓▓▓▓▓▓▓▓▓▓▓▓▓▓▓▓▓▓▓▓▓▓▓▓▓▓▓▓▓▓▓
...................[.∩∩[.).......
▓▓▓▓▓▓▓▓▓▓▓▓▓▓▓▓▓▓▓▓▓▓▓▓▓▓▓▓▓▓▓▓▓
...[[.[[[...)))))..........'.....
▓▓▓▓▓▓▓▓▓▓▓▓▓▓▓▓▓▓▓▓▓▓▓▓▓▓▓▓▓▓▓▓▓
......).........@VA§....
▓▓▓▓▓▓▓▓▓▓▓▓▓▓▓▓▓▓▓♣♣♣♣♣


You could see Jory and Mennas.

Vanquished Creatures
  An orb of fire (D)
  Boris (D)
  A storm dragon (D)
  A frost giant (D)
  A vault warden (D)
  An ironbound thunderhulk (D)
  A very ugly thing (D)
  Nessos (D)
  Azrael (D)
  A dire elephant (D)
  Snorg (D)
  A great orb of eyes (D)
  Josephine (D)
  An ice dragon (D)
  A rakshasa (D)
  A two-headed ogre (D)
  A centaur warrior (D)
  2 ogre magi (D)
  Erica (D)
  An orc high priest (D)
  A glowing orange brain (D)
  A flayed ghost (D)
  2 ironbound convokers (D)
  A wizard (D)
  An orc sorcerer (D)
  An ugly thing (D)
  A steelbarb worm (D)
  3 orc knights (D)
  A will-o-the-wisp (D)
  4 black mambas (D)
  An elephant (D)
  2 vault sentinels (D)
  2 cane toads (D)
  A komodo dragon (D)
  2 tyrant leeches (D)
  A bloated husk (D)
  A merfolk (D)
  3 snapping turtles (D)
  A blink frog (D)
  2 slime creatures (D)
  A yak (D)
  2 wyverns (D)
  3 wraiths (D)
  A fire elemental (D)
  2 hogs (D)
  Eustachio (D)
  A redback (D)
  A basilisk (D)
  A naga (D)
  3 water moccasins (D)
  5 hell hounds (D)
  5 orc warriors (D)
  4 wolves (D)
  An ogre (D)
  A phantom (D)
  5 bullfrogs (D)
  2 howler monkeys (D)
  A hound (D)
  3 orc priests (D)
  An iguana (shapeshifter) (D)
  5 orc wizards (D)
  An adder (D)
  A white imp (D)
  6 worms (D)
  10 orcs (D)
  An endoplasm (D)
  A giant cockroach (D)
  2 goblins (D)
  A frilled lizard (D)
125 creatures vanquished.

Vanquished Creatures (collateral kills)
  Kirke (D)
  Donald (D)
  A tengu reaver (D)
  Aizul (D)
  A very ugly thing (D)
  An ironbound thunderhulk (D)
  A stone giant (D)
  A bunyip (D)
  A hydra (D)
  An ogre mage (D)
  A ghost crab (D)
  A naga warrior (D)
  A two-headed ogre (D)
  A shock serpent (D)
  A goliath frog (D)
  A flayed ghost (D)
  2 wolf spiders (D)
  3 deep elf pyromancers (D)
  A moth of wrath (D)
  A water nymph (D)
  A demonic crawler (D)
  A bloated husk (D)
  A wind drake (D)
  A culicivora (D)
  A jumping spider (D)
  An ogre (D)
29 creatures vanquished.

Vanquished Creatures (others)
  A tengu reaver (D)
  A fire giant (D)
  An orc warlord (D)
  3 stone giants (D)
  A very ugly thing (D)
  An eleionoma (D)
  2 ettins (D)
  A merfolk impaler (D)
  A fire dragon (D)
  A yaktaur captain (D)
  A jorogumo (D)
  A rakshasa (D)
  A spriggan air mage (D)
  3 ogre magi (D)
  2 two-headed ogres (D)
  A vampire mage (D)
  A naga sharpshooter (D)
  A goliath frog (D)
  A naga ritualist (D)
  2 wizards (D)
  A harpy (D)
  2 ironbound convokers (D)
  2 deep elf pyromancers (D)
  An orc sorcerer (D)
  A merfolk siren (D)
  A slime creature (D)
  A naga mage (D)
  An unseen horror (D)
  2 tengu conjurers (D)
  A hog (D)
  A boggart (D)
  A wolf (D)
  An ogre (D)
  An orc (D)
44 creatures vanquished.

Grand Total: 198 creatures vanquished

Notes
Turn   | Place    | Note
-------+----------+-------------------------------------------
     0 | D        | 123456 the Minotaur Fighter began the quest for the Orb.
     0 | D        | Reached XP level 1. HP: 19/19 MP: 0/0
     9 | D        | Reached skill level 1 in Dodging
    20 | D        | Noticed a phantom
    20 | D        | Noticed a hound
    25 | D        | Killed a hound
    26 | D        | Reached skill level 5 in Fighting
    26 | D        | Reached skill level 5 in Maces & Flails
    26 | D        | Reached XP level 2. HP: 23/30 MP: 1/1
    26 | D        | Reached XP level 3. HP: 28/37 MP: 2/2
    32 | D        | Reached skill level 5 in Armour
    46 | D        | Killed a phantom
    47 | D        | Reached XP level 4. HP: 9/48 MP: 3/3
   189 | D        | Found a snail-covered altar of Cheibriados.
   189 | D        | Found a shadowy altar of Dithmenos.
   189 | D        | Found a white marble altar of Elyvilon.
   189 | D        | Found a blossoming altar of Fedhas.
   189 | D        | Found an opulent altar of Gozag.
   190 | D        | Found a hazy altar of Hepliaklqana.
   191 | D        | Found a viscous altar of Jiyva.
   192 | D        | Found an ancient bone altar of Kikubaaqudgha.
   193 | D        | Found a corrupted altar of Lugonu.
   194 | D        | Found a burning altar of Makhleb.
   195 | D        | Found a sparkling altar of Nemelex Xobeh.
   196 | D        | Found an iron altar of Okawaru.
   197 | D        | Became a worshipper of Gozag Ym Sagoz the Greedy
   200 | D        | Found a stormy altar of Qazlal.
   201 | D        | Found a sacrificial altar of Ru.
   202 | D        | Found a shimmering blue altar of Sif Muna.
   203 | D        | Found a bloodstained altar of Trog.
   204 | D        | Found a hide-covered altar of Uskayaw.
   205 | D        | Found a radiant altar of Vehumet.
   206 | D        | Found an ornate altar of the Wu Jian Council.
   207 | D        | Found a shimmering altar of Xom.
   208 | D        | Found a basalt altar of Yredelemnul.
   209 | D        | Found a glowing silver altar of Zin.
   210 | D        | Found a glowing golden altar of the Shining One.
   251 | D        | Noticed a wyvern
   251 | D        | Noticed a yak
   259 | D        | Killed a yak
   260 | D        | Reached skill level 5 in Dodging
   260 | D        | Reached XP level 5. HP: 32/57 MP: 4/4
   260 | D        | Reached XP level 6. HP: 36/64 MP: 5/5
   265 | D        | Reached skill level 10 in Fighting
   271 | D        | Reached skill level 10 in Maces & Flails
   275 | D        | Killed a wyvern
   276 | D        | Reached XP level 7. HP: 42/74 MP: 6/6
   380 | D        | Noticed a slime creature
   380 | D        | Noticed a centaur warrior
   387 | D        | Killed an unseen horror
   394 | D        | Killed a centaur warrior
   395 | D        | Reached XP level 8. HP: 81/86 MP: 7/7
   406 | D        | Killed a slime creature
   407 | D        | Reached skill level 10 in Armour
   546 | D        | Gained mutation: You occasionally lose the ability to read
                  | scrolls when taking damage. [potion of mutation]
   546 | D        | Gained mutation: You are agile. (Dex +4, Str/Int -1)
                  | [potion of mutation]
   546 | D        | Gained mutation: You are partially covered in iridescent
                  | scales. (AC +2) [potion of mutation]
   549 | D        | Noticed a komodo dragon
   567 | D        | Noticed a black mamba
   588 | D        | Reached XP level 9. HP: 88/96 MP: 8/8
   594 | D        | Killed a komodo dragon
   599 | D        | Killed a black mamba
   600 | D        | Reached skill level 15 in Fighting
   600 | D        | Reached skill level 15 in Maces & Flails
   791 | D        | Noticed a cane toad
   791 | D        | Noticed an elephant
   791 | D        | Noticed a cane toad
   796 | D        | Killed a cane toad
   799 | D        | Noticed a black mamba
   803 | D        | Killed an elephant
   804 | D        | Reached skill level 10 in Dodging
   813 | D        | Killed a cane toad
   818 | D        | Reached XP level 10. HP: 91/108 MP: 9/9
   826 | D        | Killed a black mamba
  1063 | D        | Noticed Josephine
  1064 | D        | Noticed Erica
  1074 | D        | Killed Josephine
  1108 | D        | Killed Erica
  1162 | D        | Bought a +2 plate armour of fire resistance for 720 gold
                  | pieces
  1162 | D        | Bought a +0 pair of gloves of stealth for 207 gold pieces
  1230 | D        | Noticed an orc sorcerer
  1232 | D        | Noticed a rust devil
  1253 | D        | Paralysed by an orc sorcerer for 5 turns
  1261 | D        | Killed an orc sorcerer
  1422 | D        | Noticed an orc knight
  1422 | D        | Noticed an orc knight
  1428 | D        | Noticed an orc knight
  1439 | D        | Killed an orc knight
  1441 | D        | Noticed an orc sorcerer
  1446 | D        | Killed an orc sorcerer
  1447 | D        | Killed an orc knight
  1448 | D        | Reached XP level 11. HP: 51/121 MP: 10/10
  1448 | D        | Noticed an orc high priest
  1459 | D        | Killed an orc knight
  1465 | D        | Noticed a sixfirhy
  1492 | D        | Noticed a sixfirhy
  1495 | D        | Noticed a sun demon
  1496 | D        | Killed an orc high priest
  1716 | D        | Found Kied's Magic Scroll Boutique.
  1716 | D        | Noticed an ogre mage
  1716 | D        | Noticed a two-headed ogre
  1716 | D        | Noticed a two-headed ogre
  1716 | D        | Noticed a two-headed ogre
  1719 | D        | Killed a two-headed ogre
  1720 | D        | Killed a two-headed ogre
  1720 | D        | Noticed an ogre mage
  1722 | D        | Found Mezuzuidgh's Assorted Antiques.
  1722 | D        | Noticed an ogre mage
  1724 | D        | Found Weinarry's Weapon Boutique.
  1725 | D        | Noticed an ogre mage
  1726 | D        | Found Ceiwk's General Store.
  1728 | D        | Noticed an ogre mage
  1734 | D        | Killed an ogre mage
  1734 | D        | Killed an ogre mage
  1736 | D        | Killed an ogre mage
  1738 | D        | Noticed a two-headed ogre
  1741 | D        | Killed an ogre mage
  1742 | D        | Killed a two-headed ogre
  1873 | D        | Bought a potion of mutation for 232 gold pieces
  1877 | D        | Bought a condenser vane for 440 gold pieces
  1877 | D        | Lost mutation: You are partially covered in iridescent
                  | scales. (AC +2) [potion of mutation]
  1877 | D        | Lost mutation: You occasionally lose the ability to read
                  | scrolls when taking damage. [potion of mutation]
  1877 | D        | Gained mutation: You are frail. (-10% HP) [potion of
                  | mutation]
  1877 | D        | Gained mutation: You have hidden genetic potential. [potion
                  | of mutation]
  1900 | D        | Noticed Eustachio
  1913 | D        | Killed Eustachio
  1945 | D        | Noticed Erolcha
  1995 | D        | Found the +9 sword of Power {lifebolt}
  2009 | D        | Got the +1 pair of gloves of Idealism {Dex+6}
  2047 | D        | Noticed a deep elf pyromancer
  2047 | D        | Noticed a deep elf pyromancer
  2047 | D        | Noticed a cyan ugly thing
  2047 | D        | Noticed a deep elf pyromancer
  2047 | D        | Noticed a deep elf pyromancer
  2051 | D        | Killed a deep elf pyromancer
  2052 | D        | Noticed a deep elf pyromancer
  2056 | D        | Killed an ogre mage
  2056 | D        | Killed a deep elf pyromancer
  2056 | D        | Killed a deep elf pyromancer
  2057 | D        | Reached skill level 15 in Armour
  2057 | D        | Killed a cyan ugly thing
  2058 | D        | Noticed a spriggan air mage
  2060 | D        | Noticed a stone giant
  2060 | D        | Noticed an ettin
  2064 | D        | Noticed a stone giant
  2064 | D        | Noticed a tengu warrior
  2066 | D        | Noticed an ettin
  2066 | D        | Killed an ettin
  2068 | D        | Noticed a tengu reaver
  2153 | D        | Noticed Grum
  2175 | D        | Noticed Kirke
  2228 | D        | Noticed a jorogumo
  2228 | D        | Noticed a steelbarb worm
  2229 | D        | Noticed a wolf spider
  2236 | D        | Noticed a wolf spider
  2239 | D        | Killed a jorogumo
  2242 | D        | Killed a steelbarb worm
  2243 | D        | Reached XP level 12. HP: 122/122 MP: 11/11
  2262 | D        | Killed Kirke
  2334 | D        | Noticed an eleionoma
  2334 | D        | Noticed a bunyip
  2334 | D        | Noticed a five-headed hydra
  2334 | D        | Killed a five-headed hydra
  2336 | D        | Noticed a ghost crab
  2337 | D        | Killed a bunyip
  2342 | D        | Killed a ghost crab
  2352 | D        | Gained mutation: You are very agile. (Dex +8, Str/Int -2)
                  | [hidden potential]
  2495 | D        | Noticed a merfolk impaler
  2653 | D        | Noticed a naga warrior
  2659 | D        | Noticed a naga warrior
  2730 | D        | Noticed Aizul
  2731 | D        | Noticed Donald
  2762 | D        | Noticed Snorg
  2776 | D        | Killed Snorg
  2777 | D        | Reached skill level 15 in Dodging
  2778 | D        | Bought an amulet of regeneration for 480 gold pieces
  2847 | D        | Noticed a brown very ugly thing
  2847 | D        | Noticed a rakshasa
  2847 | D        | Noticed a vampire mage
  2847 | D        | Noticed a brown very ugly thing
  2854 | D        | Killed a rakshasa
  2855 | D        | Killed a brown very ugly thing
  2856 | D        | Noticed a stone giant
  2857 | D        | Noticed a storm dragon
  2858 | D        | Noticed an ice dragon
  2858 | D        | Killed a brown very ugly thing
  2859 | D        | Noticed a tengu reaver
  2860 | D        | Killed a stone giant
  2862 | D        | Noticed a white very ugly thing
  2864 | D        | Killed an ice dragon
  2865 | D        | Noticed a rakshasa
  2866 | D        | Noticed a fire dragon
  2868 | D        | Noticed a frost giant
  2868 | D        | Killed a white very ugly thing
  2870 | D        | Killed a storm dragon
  2870 | D        | Killed a fire dragon
  2871 | D        | Noticed a fire giant
  2872 | D        | Killed a stone giant
  2925 | D        | Noticed an orc warlord
  2925 | D        | Noticed an ironbound thunderhulk
  2926 | D        | Killed an ironbound thunderhulk
  2927 | D        | Noticed a yaktaur captain
  2929 | D        | Killed a naga warrior
  2931 | D        | Killed a tengu reaver
  2932 | D        | Killed Donald
  2933 | D        | Noticed a dire elephant
  2935 | D        | Noticed a vault warden
  2939 | D        | Killed a yaktaur captain
  2942 | D        | Killed Aizul
  2954 | D        | Killed a frost giant
  2958 | D        | Killed an orc warlord
  2962 | D        | Killed a dire elephant
  2968 | D        | Noticed a great orb of eyes
  2970 | D        | Killed a vault warden
  2971 | D        | Reached XP level 13. HP: 121/133 MP: 12/12
  2973 | D        | Gained mutation: Your spells are a little easier to cast,
                  | but a little less powerful. [an orb of fire]
  2974 | D        | Noticed an orb of fire
  2978 | D        | Gained mutation: Your movements are slightly less
                  | encumbered by armour. (ER -2) [an orb of fire]
  2989 | D        | Gained mutation: You occasionally lose the ability to drink
                  | potions when taking damage. [an orb of fire]
  3004 | D        | Gained mutation: You occasionally lose the ability to read
                  | scrolls when taking damage. [an orb of fire]
  3009 | D        | Killed an orb of fire
  3014 | D        | Noticed an ironbound thunderhulk
  3018 | D        | Upgraded the game from 0.30-a0-1103-g25895a7845 to
                  | 0.30-a0-1112-gfb780f5df6
  3023 | D        | Gained mutation: You have sharp toenails. [hidden
                  | potential]
  3023 | D        | Lost mutation: You have hidden genetic potential. [hidden
                  | potential expressed]
  3034 | D        | Killed an ironbound thunderhulk
  3222 | D        | Noticed Boris
  3238 | D        | Killed Boris
  3244 | D        | Noticed Azrael
  3259 | D        | Killed Azrael
  3278 | D        | Bought a runed morningstar for 224 gold pieces
  3282 | D        | Bought the +27 heavy crossbow "Sniper" {heavy, Acc+∞ SInv}
                  | for 2960 gold pieces
  3282 | D        | Found the +27 heavy crossbow "Sniper" {heavy, Acc+∞ SInv}
  3282 | D        | Bought a faintly glowing mace for 296 gold pieces
  3282 | D        | Identified the +4 mace "Likuac" {holy, rElec Stlth+} (You
                  | bought it in a shop in the Dungeon)
  3365 | D        | Got the +1 great mace "Zaud" {drain, Contam Str+2 Dex+2}
  3477 | D        | Noticed Nessos
  3490 | D        | Killed Nessos
  3524 | D        | Noticed Jory
  3525 | D        | Noticed Mennas
  3535 | D        | Mangled by Jory

Illustrated notes

Levels and vault maps discovered:
D:        linesprint [early_d, line_temple, items_1, d_10, items_2, lair_1,
          lair_end, items_3, orc_1, orc_end, items_4, d_15, swamp_1, shoals_1,
          snake_1, spider_1, d_20, vaults_1, items_5, swamp_end, shoals_end,
          snake_end, spider_end, vaults_end, d_27, items_6, zot_1, zot_end,
          crypt_end, forest_end, elf_end, slime_end, tomb_end, abyss_end,
          pan_hell_end]

Skill      XL: |  1  2  3  4  5  6  7  8  9 10 11 12 13 |
---------------+----------------------------------------+-----
Fighting       | 5 7 9 11 13 14 16 18 21 23 25 | 25.3
Maces & Flails | 5 7 9 10 12 14 16 18 21 23 25 | 25.3
Armour         | 4 5 7 8 9 10 12 13 15 17 18 | 18.7
Dodging        | 2 4 5 6 7 8 10 12 13 15 16 | 16.9
Shields        | |  3.6

Action                     |  1- 3 |  4- 6 |  7- 9 | 10-12 | 13-15 || total
---------------------------+-------+-------+-------+-------+-------++-------
  Melee: Flail             |    36 |     2 |       |       |       ||    38
         Headbutt          |     4 |     4 |    18 |    80 |    40 ||   146
         Morningstar       |       |    20 |    77 |   306 |    91 ||   494
         Great mace        |       |       |       |       |    11 ||    11
   Fire: Heavy crossbow    |       |       |       |       |     1 ||     1
 Invoke: Call Merchant     |       |       |       |     2 |     5 ||     7
         Bribe Branch      |       |       |       |     1 |       ||     1
  Evoke: Condenser vane    |       |       |       |       |     2 ||     2
    Use: Scroll            |       |       |     6 |     2 |     2 ||    10
         Potion            |       |       |     1 |     5 |     1 ||     7
   Stab: Distracted        |       |       |       |     3 |     1 ||     4
         Confused          |       |       |       |       |     4 ||     4
 Armour: Scale mail        |    14 |     6 |    23 |    11 |       ||    54
         Plate armour      |       |       |       |    81 |    26 ||   107
  Dodge: Dodged            |     8 |     7 |    42 |   138 |    44 ||   239
  Block: Buckler           |     7 |     3 |    10 |    52 |     6 ||    78
         Kite shield       |       |       |       |       |    12 ||    12

Table legend: (Time is in decaauts)
 A = Elapsed time spent in this place.
 B = Non-inter-level travel time spent in this place.
 C = Inter-level travel time spent in this place.
 D = Time resting spent in this place.
 E = Time spent auto-exploring this place.
 F = Levels seen in this place.
 G = Mean time per level.
                   A        B        C        D        E       F      G
               +--------+--------+--------+--------+--------+-----+--------+
         Total |   3433 |   3433 |      0 |    583 |   1553 |   1 | 3433.0 |
       Dungeon |   3433 |   3433 |      0 |    583 |   1553 |   1 | 3433.0 |
               +--------+--------+--------+--------+--------+-----+--------+

Top non-repeatable levels by time:
       D: 3433 daAuts
